 Dungeon Crawl Stone Soup version 0.26-a0-712-ga5a9c9c9d0 (webtiles) character file.

Game seed: 1324078268719000521

1957 Whiskey the Fighter (level 8, -1/68 HPs)
             Began as a Demonspawn Monk on Nov 1, 2020.
             Was a Believer of Makhleb.
             Slain by an adder (2 damage)
             ... on level 7 of the Dungeon.
             The game lasted 00:12:04 (8115 turns).

Whiskey the Fighter (Demonspawn Monk)               Turns: 8115, Time: 00:12:04

Health: -1/68      AC: 11    Str: 15    XL:     8   Next: 99%
Magic:  10/10      EV:  7    Int: 11    God:    Makhleb [**....]
Gold:   397        SH:  7    Dex: 15    Spells: 7/7 levels left

rFire    . . .     SeeInvis .   G - +2 hand axe (freeze)
rCold    + . .     Faith    .   t - +0 kite shield
rNeg     . . .     Spirit   .   q - +0 scale mail
rPois    .         Reflect  .   v - +1 helmet
rElec    .         Harm     .   s - +1 cloak {MR+}
rCorr    .         Rampage  .   (no gloves)
MR       +....                  (no boots)
Stlth    ..........             B - amulet of the acrobat
HPRegen  0.21/turn              (no ring)
MPRegen  0.12/turn              (no ring)

@: no status effects
A: hooves 1, cold resistance 1, demonic guardian 1, freezing cloud immunity
a: Minor Destruction, Renounce Religion


You were on level 7 of the Dungeon.
You worshipped Makhleb.
Makhleb was pleased with you.
You visited 2 branches of the dungeon, and saw 8 of its levels.
You also visited: Ossuary.

You collected 397 gold pieces.

Inventory:

Hand Weapons
 a - a +4 quarterstaff of chaos
   (You took it off Crazy Yiuf on level 4 of the Dungeon)
 m - a +2 vorpal mace
   (You found it on level 2 of the Dungeon)
 G - a +2 hand axe of freezing (weapon)
   (You took it off an orc on level 4 of the Dungeon)
Armour
 q - a +0 scale mail (worn)
   (You found it on level 2 of the Dungeon)
 s - a +1 cloak of magic resistance (worn)
   (You took it off Crazy Yiuf on level 4 of the Dungeon)
 t - a +0 kite shield (worn)
   (You found it on level 2 of the Dungeon)
 v - a +1 helmet (worn)
   (You took it off Robin on level 3 of the Dungeon)
 D - a +2 hat
   (You found it on level 5 of the Dungeon)
Jewellery
 B - an amulet of the acrobat (around neck)
   (You found it on level 4 of the Dungeon)
 K - an uncursed ring of protection from magic {unknown}
   (You found it on level 7 of the Dungeon)
Wands
 A - a wand of flame (21)
   (You found it on level 3 of the Dungeon)
 I - a wand of digging (7)
   (You took it off Ijyb on level 5 of the Dungeon)
Scrolls
 d - a scroll of enchant armour
 g - 4 scrolls of remove curse
 j - a scroll of immolation {unknown}
 n - 4 scrolls of teleportation
 p - 4 scrolls of magic mapping {!r}
 y - 3 scrolls of amnesia {unknown}
 E - 2 scrolls of identify
 F - a scroll of vulnerability {unknown}
 J - a scroll of fog {unknown}
Potions
 b - 2 potions of mutation {unknown}
 c - 4 potions of heal wounds
 e - a potion of cancellation {unknown}
 f - 6 potions of lignification {!q}
 h - 6 potions of curing
 i - 3 potions of stabbing {unknown}
 k - a potion of ambrosia
 l - 2 potions of berserk rage {unknown}
 o - a potion of degeneration {unknown}
 r - a potion of resistance {unknown}
 u - a potion of might {unknown}
 w - 2 potions of invisibility
 x - a potion of haste {unknown}
 z - 2 potions of brilliance
 C - a potion of magic {unknown}
 H - a potion of flight


   Skills:
 + Level 8.1 Fighting
 + Level 7.3 Axes
 + Level 3.4 Armour
 - Level 2.6 Dodging
 - Level 1.7 Stealth
 * Level 3.7 Invocations


You had 7 spell levels left.
You didn't know any spells.
Your spell library contained the following spells:

 Spells                   Type           Power        Failure   Level
 Animate Skeleton         Necr           #.....       100%        1
 Apportation              Tloc           #.....       100%        1
 Corona                   Hex            #......      100%        1
 Summon Small Mammal      Summ           #...         100%        1


Dungeon Overview and Level Annotations

Branches:
Dungeon (7/15)             Temple (1/1) D:6         Ossuary (visited)

Altars:
Ashenzari
Dithmenos
Elyvilon
Fedhas
Gozag
Hepliaklqana
Kikubaaqudgha
Makhleb
Nemelex Xobeh
Okawaru
Qazlal
Ru
Sif Muna
Trog
Uskayaw
Vehumet
Wu Jian
Xom
Yredelemnul
Zin
The Shining One

Annotations:
D:5 2 transporters


Innate Abilities, Weirdness & Mutations

You have large cloven feet.
Your flesh is cold resistant. (rC+)
A weak demonic guardian rushes to your aid.
You are immune to freezing clouds.


Message History

The black bear claws you but does no damage.
You block the black bear's attack.
You hit the black bear. You freeze the black bear.
Your kick misses the black bear.
The black bear goes berserk!
You hit the black bear. You freeze the black bear. You kick the black bear.
You kill the black bear!
Makhleb accepts your kill.
No target in view!
No target in view!
No target in view!
No target in view!
No target in view!
No target in view!
No target in view!
No target in view!
Your shadow imp disappears in a puff of smoke!
E - 2 scrolls of identify (gained 1)
y - 3 scrolls labeled VATUIME ENYL (gained 1)
You pick up a book of Cantrips and begin reading...
You add the spells Corona, Summon Small Mammal and Apportation to your library.
Health restored: 68; MP restored: 10 A shadow comes into view.
The shadow slips into darkness.
The shadow flickers and vanishes!
Deactivating autopickup; reactivate with Ctrl-A.
No target in view!
An ogre comes into view. It is wielding a +0 giant club.
The ogre shouts!
An adder comes into view.
The ogre moves out of view.
You see here a large marble ring.
K - a large marble ring The shadow strikes at you from the darkness!
Reactivating autopickup.
You take 7 damage, and have 61/68 hp.
You hit the shadow but do no damage. You kick the shadow, but do no damage.
You block the shadow's attack.
You hit the shadow. You kick the shadow, but do no damage. The shadow hits you.
You hit the shadow. You kick the shadow.
Your iron imp closely misses the shadow.
The shadow hits you.
You hit the shadow but do no damage. Your kick misses the shadow.
You barely miss the ogre.
Your iron imp barely misses the shadow.
The ogre hits you with a +0 giant club. You block the shadow's attack.
You take 5 damage, and have 57/68 hp.
You slash the shadow! Your kick misses the shadow. You slash the ogre!
You freeze the ogre.
Your iron imp misses the shadow.
The shadow hits you. You block the ogre's attack.
You hit the shadow. Your kick misses the shadow. You hit the ogre.
You freeze the ogre.
The shadow slips into darkness.
The shadow flickers and vanishes!
Deactivating autopickup; reactivate with Ctrl-A.
You hit the ogre. You freeze the ogre. You hit something but do no damage.
The ogre hits you with a +0 giant club!!
The shadow strikes at you from the darkness!
Reactivating autopickup.
You barely miss the shadow. You kick the shadow.
You hit the ogre but do no damage.
Your iron imp hits the shadow.
The ogre hits you with a +0 giant club. The shadow hits you!
You take 33 damage, and have 24/68 hp.
MASSIVE DAMAGE!!
You are too injured to fight recklessly!
You are too injured to fight recklessly!
You are too injured to fight recklessly!
You are too injured to fight recklessly!
You are too injured to fight recklessly!
You are too injured to fight recklessly!
You are too injured to fight recklessly!
You are too injured to fight recklessly!
You are too injured to fight recklessly!
You are too injured to fight recklessly!
You are too injured to fight recklessly!
You are too injured to fight recklessly!
You are too injured to fight recklessly!
You are too injured to fight recklessly!
You are too injured to fight recklessly!
You are too injured to fight recklessly!
You are too injured to fight recklessly!
You are too injured to fight recklessly!
You are too injured to fight recklessly!
You are too injured to fight recklessly!
You are too injured to fight recklessly!
You are too injured to fight recklessly!
You are too injured to fight recklessly!
You closely miss the shadow. Your kick misses the shadow. You hit the ogre.
You freeze the ogre.
Your iron imp hits the shadow.
The shadow is destroyed!
Makhleb accepts your kill.
Your Fighting skill increases to level 8!
Your Invocations skill increases to level 3!
The ogre barely misses you.
Your scale mail prevents you from hitting the ogre.
The ogre hits you with a +0 giant club!!
* * * LOW HITPOINT WARNING * * *
You take 23 damage, and have 1/68 hp.
MASSIVE DAMAGE!!
You slash the ogre! You freeze the ogre.
You kill the ogre!
Makhleb accepts your kill. The adder bites you.
You die...

........>..†.(.###.
##...........##....
# ............##....
..
.....(......##....
#.
..#.........##.....
#. . #.........#
..... .##..
#........##
......##.........#
#....@...........#
.....!5#S......(.###
###..#...........#
##...#.......[.#
##..##..........
.... ..?......##
...............#
................


You could see an adder and a friendly iron imp (summoned).

Vanquished Creatures
  Eustachio (D:5)
  Menkaure (D:4)
  A sky beast (D:6)
  2 black bears
  An ogre (D:7)
  2 centaurs
  An elf zombie (Ossuary)
  A scorpion (D:6)
  A howler monkey (D:4)
  A hound (D:5)
  An orc priest (D:4)
  A jelly (D:5)
  2 bullfrog skeletons
  5 orc wizards
  Crazy Yiuf (D:4)
  A centaur skeleton (D:5)
  Ijyb (D:5)
  6 worker ants
  3 mummies (Ossuary)
  5 adders
  2 shadow imps
  A white imp (D:5)
  An ufetubus (D:4)
  An ooze (D:1)
  5 adder zombies (Ossuary)
  2 dart slugs
  3 leopard geckos
  18 orcs
  6 giant cockroaches
  11 hobgoblins
  10 jackals
  7 quokkas
  2 ball pythons (D:1)
  7 bats
  10 frilled lizards
  14 goblins
  4 goblin zombies (Ossuary)
  2 hobgoblin zombies (Ossuary)
  5 kobolds
  3 kobold zombies (Ossuary)
  A quokka skeleton (D:5)
  2 quokka zombies (Ossuary)
  11 rats
  A rat zombie (Ossuary)
167 creatures vanquished.

Vanquished Creatures (collateral kills)
  Sigmund (D:3)
  A shadow (D:7)
  A sky beast (D:5)
  A worker ant zombie (D:7)
  Robin (D:3)
  An adder (D:5)
  An orc (D:5)
  4 goblins (D:3)
  A hobgoblin (D:3)
12 creatures vanquished.

Grand Total: 179 creatures vanquished

Notes
Turn   | Place    | Note
-------+----------+-------------------------------------------
     0 | D:1      | Whiskey the Demonspawn Monk began the quest for the Orb.
     0 | D:1      | Reached XP level 1. HP: 18/18 MP: 1/1
   102 | D:1      | HP: 2/18 [hobgoblin (3)]
   378 | D:1      | Reached skill level 3 in Axes
   396 | D:1      | Gained mutation: Your flesh is cold resistant. (rC+)
                  | [demonic ancestry]
   396 | D:1      | Reached XP level 2. HP: 24/24 MP: 2/2
   518 | D:1      | Found a sparkling altar of Nemelex Xobeh.
   890 | D:1      | Gained mutation: A weak demonic guardian rushes to your
                  | aid. [demonic ancestry]
   890 | D:1      | Reached XP level 3. HP: 29/29 MP: 3/3
  1673 | D:2      | Reached skill level 4 in Fighting
  1802 | D:2      | Reached XP level 4. HP: 16/37 MP: 4/4
  2553 | D:2      | Found a radiant altar of Vehumet.
  2560 | D:2      | Found an ancient bone altar of Kikubaaqudgha.
  2561 | D:2      | Found a shimmering blue altar of Sif Muna.
  2568 | D:2      | Identified Kikubaaqudgha's Compendium of Necromancy
  2706 | D:3      | Noticed Robin
  2710 | D:3      | Reached skill level 4 in Axes
  2727 | D:3      | Killed Robin
  2729 | D:3      | Gained mutation: You are immune to freezing clouds.
                  | [demonic ancestry]
  2729 | D:3      | Reached XP level 5. HP: 13/43 MP: 5/5
  2732 | D:3      | HP: 10/43 [goblin/+0 club[Robin] (1)]
  2982 | D:3      | Found an iron altar of Okawaru.
  3243 | D:3      | Noticed Sigmund
  3391 | D:3      | Killed Sigmund
  3391 | D:3      | Reached skill level 5 in Fighting
  3391 | D:3      | Reached XP level 6. HP: 27/51 MP: 6/6
  4279 | D:4      | Reached skill level 5 in Axes
  4525 | D:4      | Noticed Menkaure
  4533 | D:4      | Killed Menkaure
  4752 | D:4      | Reached skill level 6 in Fighting
  4752 | D:4      | Reached XP level 7. HP: 51/58 MP: 7/7
  4803 | D:4      | Found a blossoming altar of Fedhas.
  4804 | D:4      | Found a white marble altar of Elyvilon.
  5031 | D:4      | Found a runed translucent door.
  5032 | D:4      | Noticed Crazy Yiuf
  5911 | D:4      | Killed Crazy Yiuf
  6084 | D:5      | Entered Level 5 of the Dungeon
  6084 | D:5      | Noticed Eustachio
  6099 | D:5      | Killed Eustachio
  6099 | D:5      | Reached skill level 6 in Axes
  6118 | D:5      | Found a sand-covered staircase.
  6123 | Ossuary  | Entered an ossuary
  6274 | Ossuary  | Reached skill level 7 in Fighting
  6411 | D:5      | Found a bloodstained altar of Trog.
  6419 | D:5      | Found a hazy altar of Hepliaklqana.
  6421 | D:5      | Found a stormy altar of Qazlal.
  6428 | D:5      | Noticed a vampire mosquito
  6436 | D:5      | Found a transporter.
  6447 | D:5      | Found a transporter.
  6468 | D:5      | Reached skill level 1 in Armour
  6468 | D:5      | Gained mutation: You have large cloven feet. [demonic
                  | ancestry]
  6468 | D:5      | Reached XP level 8. HP: 67/67 MP: 8/8
  6796 | D:5      | Noticed Ijyb
  6809 | D:5      | Killed Ijyb
  7033 | D:6      | Reached skill level 2 in Armour
  7351 | D:6      | Reached skill level 7 in Axes
  7526 | D:6      | Found a staircase to the Ecumenical Temple.
  7541 | Temple   | Entered the Ecumenical Temple
  7616 | Temple   | Became a worshipper of Makhleb the Destroyer
  7616 | Temple   | Reached * piety under Makhleb
  7616 | Temple   | Reached ** piety under Makhleb
  7878 | D:6      | Reached skill level 1 in Invocations
  8055 | D:7      | Reached skill level 3 in Armour
  8055 | D:7      | Reached skill level 2 in Invocations
  8113 | D:7      | Reached skill level 8 in Fighting
  8113 | D:7      | Reached skill level 3 in Invocations
  8114 | D:7      | HP: 1/68 [ogre/+0 giant club (24)]
  8115 | D:7      | Slain by an adder

Illustrated notes

Levels and vault maps discovered:
D:1:      nzn_arrival_crosshair, layout_basic, nemelex_xobeh_ov_fountains_minmay
D:2:      layout_loops_cross, grunt_temple_overflow_magic_moments
D:3:      layout_basic, okawaru_trees_2, kennysheep_flooded_box,
          chequers_avenue, uniq_robin, uniq_sigmund
D:4:      minmay_diamond_boxcup, layout_loops_ring, minitemple,
          uniq_crazy_yiuf_cottage, uniq_menkaure
D:5:      layout_rooms, gammafunk_temple_overflow_arena, bloody_trog,
          enter_ossuary_2, uniq_ijyb, uniq_eustachio
D:6:      layout_gridville, minmay_temple_entry_glassed_door
D:7:      layout_rooms
Temple:   nicolae_temple_x_marks_the_god

Skill      XL: |  1  2  3  4  5  6  7  8 |
---------------+-------------------------+-----
Axes           | 3 4 5 6 7 |  7.3
Fighting       | 4 5 6 7 8 |  8.1
Armour         | 1 3 |  3.4
Invocations    | 3 |  3.7
Dodging        | |  2.6
Stealth        | |  1.7

Action                   |  1- 3 |  4- 6 |  7- 9 || total
-------------------------+-------+-------+-------++-------
Melee: Hand axe          |    88 |       |   237 ||   325
       Mace              |    22 |   182 |    35 ||   239
       Kick              |       |       |    38 ||    38
Evoke: Wand              |       |     1 |       ||     1
  Use: Scroll            |       |       |    14 ||    14
 Stab: Sleeping          |     8 |     1 |       ||     9
       Distracted        |       |       |     3 ||     3
Armor: Robe              |    16 |     4 |       ||    20
       Scale mail        |       |    95 |   132 ||   227
Dodge: Dodged            |    90 |    95 |   101 ||   286
Block: Kite shield       |       |    57 |    75 ||   132

Table legend: (Time is in decaauts)
 A = Elapsed time spent in this place.
 B = Non-inter-level travel time spent in this place.
 C = Inter-level travel time spent in this place.
 D = Time resting spent in this place.
 E = Time spent auto-exploring this place.
 F = Levels seen in this place.
 G = Mean time per level.
                   A        B        C        D        E       F      G
               +--------+--------+--------+--------+--------+-----+--------+
         Total |   8225 |   7938 |    287 |    837 |   5759 |   9 |  913.9 |
       Dungeon |   7848 |   7570 |    278 |    837 |   5520 |   7 | 1121.1 |
        Temple |     85 |     76 |      9 |      0 |     50 |   1 |   85.0 |
       Ossuary |    291 |    291 |      0 |      0 |    189 |   1 |  291.0 |
               +--------+--------+--------+--------+--------+-----+--------+

Top non-repeatable levels by time:
     D:4: 1897 daAuts
     D:3: 1495 daAuts
     D:2: 1442 daAuts
     D:1: 1343 daAuts
     D:6: 949 daAuts
     D:5: 651 daAuts
 Ossuary: 291 daAuts
  Temple: 85 daAuts
     D:7: 68 daAuts

Table legend:
 A = Kills in this place as a percentage of kills in entire the game.
 B = Kills by you in this place as a percentage of kills by you in the entire game.
 C = Kills by friends in this place as a percentage of kills by friends in the entire game.
 D = Other kills in this place as a percentage of other kills in the entire game.
 E = Experience gained in this place as a percentage of experience gained in the entire game.
 F = Experience gained in this place divided by the number of levels of this place that you have seen.
                   A       B       C       D       E      F
               +-------+-------+-------+-------+-------+----------------------
         Total | 100.0 | 100.0 | 100.0 |   N/A | 100.0 | 310.7
       Dungeon |  88.3 |  87.4 | 100.0 |   N/A |  94.0 | 375.3
       Ossuary |  11.7 |  12.6 |   0.0 |   N/A |   6.0 | 169.0
               +-------+-------+-------+-------+-------+----------------------
